 Dungeon Crawl Stone Soup version 0.23.2-33-g5129a83184 (webtiles) character file.

Game seed: 10099303768383699671

459 funkygono the Shield-Bearer (level 7, -1/43 HPs)
             Began as a Gargoyle Fighter on July 7, 2019.
             Slain by a killer bee (3 damage)
             ... on level 4 of the Dungeon on July 9, 2019.
             The game lasted 00:08:29 (2851 turns).

funkygono the Shield-Bearer (Gargoyle Fighter)      Turns: 2851, Time: 00:08:29

Health: -1/43      AC: 15    Str: 22    XL:     7   Next: 6%
Magic:  7/7        EV:  8    Int:  8    God:
Gold:   214        SH: 10    Dex:  9    Spells: 6/6 levels left

rFire    . . .     SeeInvis .   p - +0 whip (venom)
rCold    . . .     Gourm    .   c - +0 shield
rNeg     + . .     Faith    .   b - +0 scale mail
rPois    ∞         Spirit   .   r - +1 helmet
rElec    +         Reflect  .   (no cloak)
rCorr    .         Harm     .   h - +0 pair of gloves
MR       .....                  (no boots)
Stlth    ..........             (no amulet)
HPRegen  0.14/turn              (no ring)
MPRegen  0.10/turn              (no ring)

@: hasted, very quick
A: negative energy resistance 1, electricity resistance, unbreathing,
petrification resistance, rot immunity, AC +4
a: no special abilities


You were on level 4 of the Dungeon.
You were not hungry.

You visited 1 branch of the dungeon, and saw 4 of its levels.

You collected 214 gold pieces.

Inventory:

Hand Weapons
 a - a +1 flail
 p - a +0 whip of venom (weapon)
Missiles
 j - 94 stones (quivered)
 n - 50 bolts
Armour
 b - a +0 scale mail (worn)
 c - a +0 shield (worn)
 h - a +0 pair of gloves (worn)
 r - a +1 helmet (worn)
Jewellery
 s - a +5 ring of strength {unknown}
Wands
 g - a wand of polymorph (2)
Scrolls
 l - a scroll of identify
 o - a scroll of amnesia
Potions
 d - a potion of might
 e - 3 potions of mutation
 i - a potion of brilliance
 k - 2 potions of haste
 q - a potion of ambrosia {unknown}
Comestibles
 f - 6 rations
 m - a chunk of flesh


   Skills:
 + Level 4.2 Fighting
 + Level 4.7 Maces & Flails
 + Level 4.3 Armour
 + Level 1.6 Dodging
 + Level 1.0 Stealth
 + Level 5.0 Shields


You had 6 spell levels left.
You didn't know any spells.
Your spell library was empty.

Dungeon Overview and Level Annotations

Branches:
Dungeon (4/15)
 Temple: D:4-7

Altars:
Nemelex Xobeh


Innate Abilities, Weirdness & Mutations

You are resistant to torment.
Your stone body is resilient. (AC +4)
You are immune to poison.
You resist negative energy. (rN+)
You are resistant to electric shocks. (rElec)
You can survive without breathing.
You are immune to petrification.
You are immune to rotting.


Message History

You block the killer bee's attack.
You miss the killer bee.
The killer bee stings you but does no damage. x2
You miss the killer bee. You block the killer bee's attack.
The killer bee stings you but does no damage.
Your shield and scale mail prevent you from hitting the killer bee.
You block the killer bee's attack.
The killer bee stings you but does no damage.
You closely miss the killer bee. The killer bee closely misses you.
You barely miss the killer bee.
The killer bee stings you but does no damage.
The killer bee stings you.
* * * LOW HITPOINT WARNING * * *
You feel yourself speed up. The killer bee closely misses you.
The killer bee stings you but does no damage.
The killer bee barely misses you. The killer bee stings you.
* * * LOW HITPOINT WARNING * * *
The killer bee stings you.
You die...

#......#
#......#
##+###..#+#.##+#
...............#
#######.###....#
#..##....#
##.y.....#
...###.y#....#
........@#.####
#+#+#####.#.# #.
#..?# #. ##..#
#. ### #..#
#.#+##<# ##.#
#...[..# #>#
#......# #.#
##....#####'####


You could see 2 killer bees.

Vanquished Creatures
  Menkaure (D:4)
  An ogre (D:4)
  2 killer bees (D:4)
  Ijyb (D:3)
  5 adders
  3 oozes
  An adder skeleton (D:4)
  2 worms (D:3)
  3 dart slugs
  2 leopard geckos
  4 goblins
  6 hobgoblins
  4 jackals (D:1)
  3 quokkas
  2 ball pythons
  7 bats
  5 frilled lizards
  11 kobolds
  10 rats
73 creatures vanquished.

Notes
Turn   | Place    | Note
-------+----------+-------------------------------------------
     0 | D:1      | funkygono the Gargoyle Fighter began the quest for the Orb.
     0 | D:1      | Reached XP level 1. HP: 14/14 MP: 1/1
   201 | D:1      | Reached XP level 2. HP: 19/19 MP: 2/2
   467 | D:1      | Reached XP level 3. HP: 23/23 MP: 3/3
   941 | D:2      | Reached skill level 4 in Shields
  1145 | D:2      | Reached XP level 4. HP: 27/29 MP: 4/4
  1798 | D:3      | Found a sparkling altar of Nemelex Xobeh.
  1847 | D:3      | Noticed Ijyb
  1858 | D:3      | Killed Ijyb
  1858 | D:3      | Reached XP level 5. HP: 33/33 MP: 5/5
  1920 | D:3      | Reached skill level 1 in Dodging
  2642 | D:4      | Noticed Menkaure
  2660 | D:4      | Killed Menkaure
  2660 | D:4      | Reached XP level 6. HP: 19/38 MP: 6/6
  2830 | D:4      | Reached skill level 1 in Stealth
  2839 | D:4      | Reached skill level 5 in Shields
  2839 | D:4      | Reached XP level 7. HP: 7/43 MP: 7/7
  2849 | D:4      | HP: 2/43 [killer bee (5)]
  2851 | D:4      | Slain by a killer bee

Skill      XL: |  1  2  3  4  5  6 |
---------------+-------------------+-----
Shields        | 4 5 |  5.0
Maces & Flails | 3 4 |  4.7
Dodging        | 1 |  1.6
Fighting       | 4 |  4.2
Armour         | 4 |  4.3
Stealth        | 1 |  1.0

Action                   |  1- 3 |  4- 6 |  7- 9 || total
-------------------------+-------+-------+-------++-------
Melee: Flail             |   134 |    13 |       ||   147
       Whip              |       |   142 |     5 ||   147
  Use: Scroll            |     7 |     6 |       ||    13
       Potion            |       |     1 |     1 ||     2
  Eat: Chunk             |     1 |     6 |       ||     7
Armor: Scale mail        |    97 |    34 |     6 ||   137
       Skin              |       |     9 |       ||     9
Dodge: Dodged            |    56 |    48 |     3 ||   107
Block: Shield            |   103 |    63 |     3 ||   169
